 Dungeon Sprint DCSS version 0.20-a0-556-g892c87b (webtiles) character file.

0 dvd the Cudgeler (level 1, -6/22 HPs)
             Began as a Troll Berserker on Feb 4, 2017.
             Was a Follower of Trog.
             Mangled by Pikel
             ... wielding a +1 whip of electrocution
              (15 damage)
             ... in the Dungeon (Sprint VI: "Thunderdome").
             The game lasted 00:01:25 (40 turns).

dvd the Cudgeler (Troll Berserker)                    Turns: 40, Time: 00:01:25

Health: -6/22      AC:  8    Str: 24    XL:     1   Next: 33%
Magic:  0/0        EV: 10    Int:  3    God:    Trog [*.....]
Gold:   1          SH:  0    Dex:  9    Spells: 0/0 levels left

rFire    + . .     SeeInvis .   a - +0 mace
rCold    . . .     Gourm    +   n - +3 robe "Bimpaegi" {rF+}
rNeg     . . .     Faith    .   (no shield)
rPois    .         Spirit   .   (helmet restricted)
rElec    .         Reflect  .   (no cloak)
rCorr    .         Harm     .   (gloves unavailable)
MR       .....     NoTele   +   (boots unavailable)
Stlth    +.........             (no amulet)
Regen    0.5/turn               (no ring)
                                (no ring)

@: no status effects
A: unfitting armour, claws 3, fast metabolism 3, gourmand, regeneration 1,
shaggy fur 1, tough skin 2
a: Berserk, Burn Spellbooks, Renounce Religion


You were in the Dungeon.
You worshipped Trog.
Trog was aware of your devotion.
You were not hungry.

You visited 1 branch You collected 200 gold pieces.
You spent 199 gold pieces at shops.

Inventory:

Hand Weapons
 a - a +0 mace (weapon)
Armour
 b - a +0 animal skin
 n - the +3 robe "Bimpaegi" (worn) {rF+}
   (You bought it in a shop in the Dungeon)

   It protects you from fire.
Wands
 j - a wand of acid (5/15)
 k - a wand of iceblast (5/15)
Scrolls
 i - 4 scrolls of blinking
 l - 3 scrolls of fog
Potions
 d - a potion of curing
 e - 4 potions of heal wounds
 f - 4 potions of haste
 g - 2 potions of magic
 h - a potion of berserk rage
 m - a potion of resistance
Comestibles
 c - 2 bread rations


   Skills:
 + Level 2.7 Fighting
 + Level 3.1 Maces & Flails
 + Level 2.8 Dodging


You couldn't memorise any spells.
You didn't know any spells.

Dungeon Overview and Level Annotations

Branches:
Dungeon (1/1)

Altars:
Dithmenos
Gozag
Makhleb
Okawaru
Trog
Uskayaw
Vehumet
The Shining One

Shops:
D *[%?

Annotations:
D Pikel


Innate Abilities, Weirdness & Mutations

You are too large for most types of armour.
You have claws for hands.
Your metabolism is lightning-fast.
You like to eat raw meat.
Your natural rate of healing is unusually fast.
You are covered in fur. (AC +1)
You have very tough skin. (AC +2)


Message History

You hit the hobgoblin but do no damage. The hobgoblin barely misses you.
You hit the hobgoblin but do no damage. The hobgoblin closely misses you.
The hobgoblin hits you with a club.
You closely miss the hobgoblin. The hobgoblin hits you with a club.
You barely miss the hobgoblin.
The hobgoblin hits you but does no damage.
Pikel zaps a wand.
You resist with significant effort.
You hit the hobgoblin.
The hobgoblin is almost dead.
The hobgoblin barely misses you.
You hit the hobgoblin.
You kill the hobgoblin!
Trog accepts your kill.
Your Maces & Flails skill increases to level 3!
You hit Pikel but do no damage. Pikel hits you but does no damage.
You are electrocuted!
You hit Pikel but do no damage. Pikel hits you but does no damage.
You are electrocuted!
Ouch! That really hurt!
You die...

#⌠....... ..⌠#
######.8..... ..8.#
##∩___......# .....
###∩........8.# .8...
##.............###.....
#⌠..........###...#
#⌠..........# #.<.#
#⌠......)...###...#
##...(..@K.....###..
###∩........8.# .8..
##∩_._......# .....
######.8..... ..8.#
#⌠....... ..⌠#
###...... .### _... ...


You could see Pikel.

Vanquished Creatures
  A hobgoblin (D)
  A kobold (D)
2 creatures vanquished.

Notes
Turn   | Place    | Note
-------+----------+-------------------------------------------
     0 | D        | dvd the Troll Berserker began the quest for the Orb.
     0 | D        | Reached XP level 1. HP: 22/22 MP: 0/0
     1 | D        | Found a bloodstained altar of Trog.
     1 | D        | Found an opulent altar of Gozag.
     2 | D        | Found a shadowy altar of Dithmenos.
     2 | D        | Found a radiant altar of Vehumet.
     3 | D        | Found a glowing golden altar of the Shining One.
     3 | D        | Found an iron altar of Okawaru.
     4 | D        | Found Exeogew's Bee Food.
     4 | D        | Found a hide-covered altar of Uskayaw.
     4 | D        | Found Bijiop's Identification Station.
     5 | D        | Found Utokhluq's Jewellery.
     5 | D        | Found Fear's Advanced Armour.
     5 | D        | Round 1.
     9 | D        | Found a burning altar of Makhleb.
    13 | D        | Bought a heavily jewelled robe for 199 gold pieces
    23 | D        | Identified the +3 robe "Bimpaegi" {rF+} (You bought it in a shop in the Dungeon)
    32 | D        | Noticed Pikel
    38 | D        | Reached skill level 3 in Maces & Flails
    40 | D        | Mangled by Pikel

Vault maps used:
D:        arena_sprint

Skill      XL: |  1 |
---------------+----+-----
Maces & Flails | 3 |  3.1
Fighting       | |  2.7
Dodging        | |  2.8

Action                   || total
-------------------------++-------
Melee: Mace              ||    14
Armor: Robe              ||     4
Dodge: Dodged            ||     7
